 Dungeon Crawl Stone Soup version 0.28.0-53-g5a82cb258f (webtiles) character file.

Game seed: 5267319305659616084

75 Legadrian the Ruffian (level 4, -2/36 HPs)
             Began as a Human Berserker on June 22, 2022.
             Was a Believer of Trog.
             Slain by a gnoll
             ... wielding a +0 spear
              (4 damage)
             ... on level 2 of the Dungeon.
             The game lasted 00:05:25 (2096 turns).

Legadrian the Ruffian (Human Berserker)             Turns: 2096, Time: 00:05:26

Health: -2/36      AC:  1    Str: 19    XL:     4   Next: 55%
Magic:  4/4        EV: 12    Int:  7    God:    Trog [**....]
Gold:   18         SH:  0    Dex: 13    Spells: 3/3 levels left

rFire   . . .      SeeInvis .     - Unarmed
rCold   . . .      Faith    .   (no shield)
rNeg    . . .      Spirit   .   a - +0 animal skin
rPois   .          Reflect  .   (no helmet)
rElec   .          Harm     .   (no cloak)
rCorr   .          Rampage  .   (no gloves)
Will    +....                   (no boots)
Stlth   +.........              (no amulet)
HPRegen 0.12/turn               (no ring)
MPRegen 0.09/turn               (no ring)

@: on berserk cooldown, slowed, very slow
A: deformed body, strong-willed 1, MP-powered wands
a: Renounce Religion, Berserk, Trog's Hand


You were on level 2 of the Dungeon.
You worshipped Trog.
Trog was pleased with you.
You visited 1 branch of the dungeon, and saw 2 of its levels.

You collected 18 gold pieces.

Inventory:

Armour
 a - a +0 animal skin (worn)
Jewellery
 b - a ring of willpower
 c - a ring of protection from fire


   Skills:
 + Level 3.6 Fighting
 - Level 2.0 Armour
 - Level 2.0 Dodging
 + Level 4.5 Unarmed Combat


You had 3 spell levels left.
You didn't know any spells.
Your spell library was empty.

Dungeon Overview and Level Annotations

Branches:
Dungeon (2/15)

Altars:


Innate Abilities, Weirdness & Mutations

Armour fits poorly on your strangely shaped body.
You are strong-willed. (Will+)
You expend magic power (3 MP) to strengthen your wands.


Message History

You closely miss the gnoll.
The gnoll is lightly wounded.
The gnoll hits you with a +0 whip!
* * * LOW HITPOINT WARNING * * *
The gnoll closely misses you.
You hit the gnoll.
The gnoll is heavily wounded.
The gnoll misses you.
You punch the gnoll!
You kill the gnoll!
Trog accepts your kill.
The gnoll hits you from afar with a +0 spear.
* * * LOW HITPOINT WARNING * * *
A red film seems to cover your vision as you go berserk!
You feel yourself moving faster!
You feel mighty! The gnoll closely misses you.
You feel a strong urge to attack something.
The gnoll barely misses you.
Things that are here:
a +0 whip; a +0 spear You barely miss the gnoll.
The gnoll hits you with a +0 spear.
* * * LOW HITPOINT WARNING * * *
You barely miss the gnoll. You barely miss the gnoll.
The gnoll hits you with a +0 spear.
* * * LOW HITPOINT WARNING * * *
Okay, then.
You barely miss the gnoll. The gnoll hits you with a +0 spear.
* * * LOW HITPOINT WARNING * * *
You feel a strong urge to attack something.
You see here a ball python corpse.
You feel your anger nearly subside.
You are no longer berserk.
You are exhausted.
You feel yourself slow down. The gnoll barely misses you.
It was a potion of curing.
You feel better. The gnoll misses you. The gnoll hits you with a +0 spear!
* * * LOW HITPOINT WARNING * * *
The gnoll hits you with a +0 spear.
* * * LOW HITPOINT WARNING * * *
You barely miss the gnoll. The gnoll hits you with a +0 spear.
You die...

........# ........# ####.#
........# #####<##.. ........#
#.....##..
........##+##.######.###
............#.# #g#..
.....)...†..'.# #g#.#
..######....########.#.# # ..##
#....##..@g.#.#.#.# .).#
#######.###.#.#.#.# ...####
#.###)#.#...#
##....########.#...#...######
...##.#........#.####.......#
...##.#.########...g...#.#.##
...##.#†#....###..###..#.#.####
...+....................>#....#
...##.#<.....##..........####.#


You could see a gnoll.

Vanquished Creatures
  3 gnolls (D:2)
  An adder zombie (D:2)
  3 ball pythons
  2 bats
  5 endoplasms
  3 goblins
  9 hobgoblins
  2 jackals (D:1)
  A quokka (D:2)
  A ball python skeleton (D:2)
  2 ball python zombies (D:2)
  4 frilled lizards
  3 kobolds
  A rat (D:1)
40 creatures vanquished.

Notes
Turn   | Place    | Note
-------+----------+-------------------------------------------
     0 | D:1      | Legadrian the Human Berserker began the quest for the Orb.
     0 | D:1      | Reached XP level 1. HP: 18/18 MP: 1/1
    99 | D:1      | Reached XP level 2. HP: 2/24 MP: 2/2
   161 | D:1      | HP: 1/24 [frozen (5)]
   180 | D:1      | HP: 1/24 [frozen (1)]
  1216 | D:1      | Reached skill level 4 in Unarmed Combat
  1216 | D:1      | Reached XP level 3. HP: 27/29 MP: 3/3
  1437 | D:2      | Reached ** piety under Trog
  1533 | D:2      | Gained mutation: You are strong-willed. (Will+) [potion of
                  | mutation]
  1533 | D:2      | Gained mutation: You expend magic power (3 MP) to
                  | strengthen your wands. [potion of mutation]
  1533 | D:2      | Gained mutation: Armour fits poorly on your strangely
                  | shaped body. [potion of mutation]
  1599 | D:2      | Reached XP level 4. HP: 4/35 MP: 4/4
  2088 | D:2      | HP: 2/54 [gnoll/+0 spear (2)]
  2096 | D:2      | Slain by a gnoll

Illustrated notes

Levels and vault maps discovered:
D:1:      nagdon_arrival_zigzag_paths, layout_basic
D:2:      layout_basic, basic_altar, serial_undead, serial_undead_a,
          serial_undead_a, serial_undead_c, serial_undead_b

Skill      XL: |  1  2 |
---------------+-------+-----
Unarmed Combat | 4 |  4.5
Fighting       | |  3.6
Armour         | |  2.0
Dodging        | |  2.0

Action                   |  1- 3 |  4- 6 || total
-------------------------+-------+-------++-------
Melee: Unarmed           |   138 |    25 ||   163
Invok: Berserk           |       |     1 ||     1
  Use: Potion            |     4 |     1 ||     5
       Scroll            |     1 |       ||     1
 Stab: Sleeping          |       |     3 ||     3
Armor: Animal skin       |    21 |     1 ||    22
Dodge: Dodged            |    72 |    14 ||    86
